Map: Dash and Terminal LE (Void)

Players

MustanG

  • Race: Terran Terran
  • League: Gold

CunningStunt - Winner!

  • Race: Protoss Protoss
  • League: Gold

VOD

Have the link to the VOD?

Description

Time

  • Played on: Sept. 5, 2015, 10:15 a.m.
  • Length: 14:38
Show
View Real Time Build Order
Export as new Build Order

MustanG Terran 

Build Orders: Reaper Expand, MMM Bio 

Get SALT Encoding   

  12  0:01  SCV  
  13  0:13  SCV  
  14  0:17  Supply Depot  
  14  0:25  SCV  
  15  0:28  Refinery  
  15  0:39  SCV  
  16  0:49  Barracks  
  16  0:51  SCV  
  17  1:03  SCV  
  18  1:15  SCV  
  19  1:37  Reaper, Orbital Command  
  20  1:59  Supply Depot  
  19  2:11  Marine  
  20  2:16  Command Center  
  20  2:18  SCV  
  20  2:22  Factory  
  21  2:30  Bunker  
  21  2:31  SCV  
  22  2:46  SCV  
  22  2:47  Marine  
  24  2:58  SCV  
  25  3:05  Barracks, Marine  
  25  3:06  Widow Mine  
  25  3:09  Starport  
  28  3:15  Supply Depot  
  28  3:16  SCV  
  29  3:24  Marine  
  30  3:27  Orbital Command  
  30  3:43  Supply Depot  
  30  3:44  SCV, Supply Depot  
  31  3:51  Marine  
  31  3:52  Medivac, Widow Mine  
  31  3:53  Marine  
  37  3:56  SCV  
  38  4:04  Refinery  
  38  4:07  SCV  
  39  4:12  SCV  
  40  4:17  Barracks Tech Lab  
  40  4:20  SCV  
  40  4:21  Engineering Bay, Barracks  
  41  4:24  SCV  
  41  4:28  Widow Mine  
  44  4:32  Marine  
  44  4:37  SCV x2  
  47  4:39  Medivac  
  49  4:50  Marine  
  50  4:53  Marine  
  50  4:54  Stimpack  
  50  4:59  SCV  
  52  5:08  Marine  
  53  5:17  Widow Mine, Marine  
  53  5:18  Medivac, Marauder  
  60  5:26  SCV  
  60  5:27  SCV  
  62  5:29  Marine  
  63  5:35  Refinery  
  63  5:36  Refinery  
  63  5:39  SCV, Marauder  
  66  5:44  SCV  
  65  5:53  Marine x2  
  65  5:54  Medivac  
  65  5:55  Factory Reactor  
  69  5:58  Barracks  
  69  6:01  Command Center  
  69  6:04  SCV  
  70  6:06  Supply Depot  
  70  6:23  Barracks Tech Lab  
  70  6:24  Barracks Reactor  
  70  6:27  SCV  
  70  6:28  Marauder  
  70  6:29  Supply Depot x2  
  73  6:34  SCV  
  70  6:42  Terran Infantry Weapons Level 1  
  70  6:44  Engineering Bay, Barracks x2  
  70  6:45  SCV  
  70  6:47  SCV, Armory  
  72  6:52  Marine  
  73  7:00  SCV  
  73  7:01  Marine  
  74  7:02  Combat Shields, Concussive Shells  
  74  7:04  Medivac  
  74  7:05  Medivac  
  79  7:09  Bunker  
  79  7:11  Terran Infantry Armor Level 1  
  79  7:12  Barracks Tech Lab  
  79  7:20  Marauder, Marine x2  
  79  7:21  Marauder  
  85  7:24  SCV  
  85  7:25  Factory Tech Lab  
  85  7:28  Missile Turret  
  86  7:36  Barracks Tech Lab  
  86  7:37  Barracks Reactor, Marine  
  86  7:41  Marauder  
  86  7:42  Marauder  
  86  7:43  Terran Ship Weapons Level 1  
  91  7:47  Marine  
  91  7:48  SCV  
  91  7:49  SCV, Liberator  
  91  7:50  Liberator  
  91  7:51  Refinery, Orbital Command  
  94  8:00  SCV  
  94  8:01  SCV  
  96  8:06  Refinery  
  96  8:12  SCV  
  103  8:13  SCV  
  104  8:24  SCV  
  104  8:25  Marauder x2  
  109  8:27  Missile Turret  
  109  8:30  Supply Depot  
  109  8:31  Marine x6  
  115  8:46  Marine x2  
  116  8:49  Marine  
  116  8:52  Marauder, Marine x2  
  121  8:58  Marauder, Marine  
  121  8:59  Ghost Academy  
  121  9:00  Supply Depot  
  124  9:32  Marauder, Marine  
  124  9:45  Marine x4  
  118  9:46  Marauder x2  
  118  9:49  Marine  
  126  9:54  Marauder  
  127  10:01  SCV  
  127  10:03  Marine x3  
  127  10:04  Marauder  
  127  10:06  Ghost  
  127  10:07  Marauder  
  131  10:14  Ghost  
  133  10:25  Barracks  
  133  10:28  Barracks  
  133  10:39  Ghost x2  
  133  10:40  Ghost  
  131  10:43  Ghost  
  131  10:49  Marine x3  
  101  10:51  Marine  
  101  10:52  SCV  
  87  11:00  SCV  
  79  11:04  SCV  
  79  11:07  Marine x3  
  79  11:08  Ghost x2  
  79  11:09  Ghost, Marine  
  86  11:11  Ghost  
  86  11:13  Command Center  
  88  11:25  Marine x5  
  92  11:27  Marine  
  92  11:29  Barracks x2  
  92  11:31  Barracks  
  94  11:35  SCV  
  94  11:36  SCV, Ghost  
  94  11:37  Ghost, Marauder  
  102  11:40  Marine  
  102  11:41  SCV, Refinery, Liberator  
  102  11:42  Liberator  
  102  11:43  Marine x2  
  106  11:54  Marine x4  
  116  12:05  Marine x3  
  116  12:06  Marauder  
  116  12:07  Starport, Orbital Command  
  121  12:11  Marine  
  122  12:16  Marine  
  122  12:17  Marine  
  122  12:19  Barracks Tech Lab x2  
  122  12:20  Barracks Tech Lab  
  124  12:25  Marine  
  124  12:26  Marauder, Marine  
  124  12:27  Command Center  
  128  12:34  Marine x3  
  128  12:35  Marauder  
  133  12:38  Marine x2  
  133  12:39  SCV, Marauder  
  133  12:40  Sensor Tower  
  133  12:43  SCV  
  139  12:46  Ghost, Medivac  
  143  12:51  Medivac  
  143  12:52  Ghost, Medivac  
  143  12:57  Barracks Tech Lab  
  143  12:58  Marauder  
  151  12:59  Marine  
  151  13:00  Marauder  
  92  13:36  Marauder, Marine x2  
  92  13:41  Marauder x2, Marine x5  
  88  13:42  Marauder x3  
  82  13:54  Marine x2  
  63  13:58  Marauder  
  63  13:59  Marine x3  
  63  14:00  Marauder x2  
  61  14:02  Marine  
  61  14:03  Marine, Marauder x3  
  62  14:12  Marine x2  
  62  14:14  SCV  
  62  14:16  Marine x2  
  62  14:17  Marine  
  61  14:21  SCV  
Show
View Real Time Build Order
Export as new Build Order

CunningStunt Protoss - Winner!

Build Orders: 1 Gate Expand 

Get SALT Encoding   

  12  0:00  Probe (Chrono Boost)  
  13  0:10  Probe (Chrono Boost)  
  14  0:19  Pylon  
  14  0:23  Probe (Chrono Boost)  
  15  0:36  Probe (Chrono Boost)  
  16  0:44  Gateway  
  16  0:46  Probe (Chrono Boost)  
  17  0:56  Probe (Chrono Boost)  
  18  1:07  Probe (Chrono Boost)  
  19  1:17  Probe (Chrono Boost)  
  20  1:27  Probe (Chrono Boost)  
  21  1:36  Nexus  
  21  1:40  Pylon  
  21  1:48  Probe (Chrono Boost)  
  21  1:51  Assimilator  
  22  1:55  Cybernetics Core  
  22  1:56  Assimilator  
  22  1:58  Probe (Chrono Boost)  
  23  2:08  Probe (Chrono Boost)  
  23  2:18  Probe (Chrono Boost)  
  24  2:28  Probe (Chrono Boost)  
  25  2:30  Adept (Chrono Boost)  
  27  2:40  Probe  
  28  2:54  Adept (Chrono Boost)  
  30  3:03  Probe  
  30  3:05  Probe  
  32  3:17  Probe  
  32  3:18  Robotics Facility  
  32  3:19  Pylon  
  33  3:21  Adept (Chrono Boost)  
  33  3:25  Mothership Core  
  33  3:27  Pylon, Warp Gate  
  35  3:30  Probe  
  38  3:42  Probe (Chrono Boost)  
  39  3:51  Probe (Chrono Boost)  
  39  3:53  Twilight Council, Probe (Chrono Boost)  
  41  3:59  Pylon  
  41  4:01  Probe (Chrono Boost)  
  42  4:03  Probe (Chrono Boost)  
  42  4:06  Observer  
  44  4:13  Gateway  
  44  4:14  Probe (Chrono Boost)  
  45  4:17  Gateway, Probe (Chrono Boost)  
  45  4:19  Gateway  
  46  4:24  Probe (Chrono Boost)  
  47  4:35  Templar Archives, Probe x2 (Chrono Boost)  
  49  4:39  Assimilator  
  49  4:42  Assimilator  
  49  4:45  Probe (Chrono Boost), Pylon  
  50  4:50  Immortal (Chrono Boost)  
  54  4:54  Probe (Chrono Boost)  
  54  4:55  Probe (Chrono Boost)  
  56  5:04  Probe (Chrono Boost)  
  56  5:05  Probe (Chrono Boost)  
  52  5:28  Observer (Chrono Boost)  
  53  5:32  Stalker x2  
  57  5:37  Probe  
  57  5:39  Probe  
  56  5:46  Psionic Storm  
  56  5:51  Probe  
  56  5:52  Probe  
  58  6:02  Probe  
  58  6:03  Probe  
  60  6:09  Nexus  
  60  6:11  Pylon  
  60  6:12  Probe  
  60  6:14  Forge  
  60  6:15  Probe  
  60  6:16  Forge  
  55  6:18  Pylon  
  55  6:19  Pylon  
  50  6:35  Probe  
  50  6:37  Probe  
  52  6:43  Protoss Ground Weapons Level 1 (Chrono Boost)  
  52  6:45  Protoss Ground Armor Level 1 (Chrono Boost)  
  52  6:47  Probe  
  52  6:49  Probe  
  54  6:59  Probe, Shield Upgrade  
  55  7:01  Probe  
  55  7:02  Immortal  
  55  7:07  High Templar  
  55  7:08  High Templar x2  
  66  7:10  High Templar  
  66  7:15  Probe x2  
  69  7:20  Probe  
  71  7:27  Probe x2  
  73  7:30  Photon Cannon  
  73  7:35  Probe  
  73  7:39  Photon Cannon  
  73  7:42  Probe  
  73  7:43  Probe  
  76  7:45  Probe  
  77  7:52  Immortal  
  77  7:54  Probe  
  77  7:56  Probe x2  
  84  8:03  Charge  
  84  8:07  Probe  
  84  8:08  Probe  
  84  8:12  Assimilator  
  86  8:16  Probe  
  86  8:19  Probe  
  88  8:20  Probe  
  88  8:22  Pylon  
  88  8:24  Pylon  
  89  8:31  Observer  
  90  8:36  Probe  
  90  8:38  Probe x2  
  90  8:41  High Templar x2  
  97  8:50  Probe  
  98  9:01  Zealot x2  
  102  9:08  Gateway  
  102  9:10  Gateway x2  
  102  9:12  Gateway, Pylon  
  102  9:18  Stalker x2  
  106  9:32  Gateway, Zealot x2  
  106  9:33  Gateway  
  110  9:48  Blink  
  110  9:54  Forge  
  110  9:59  Photon Cannon  
  110  10:04  Assimilator  
  110  10:06  Probe x2  
  112  10:11  Stalker x4  
  112  10:12  Stalker x3  
  112  10:13  Stalker  
  128  10:17  Probe  
  128  10:19  Probe x2  
  131  10:31  Probe x2  
  131  10:32  Probe  
  118  10:43  Probe x2  
  100  10:55  Immortal  
  94  10:59  High Templar x6  
  94  11:00  High Templar x2  
  102  11:31  Nexus  
  102  11:34  Pylon  
  102  11:37  Pylon  
  101  11:42  Forge, Pylon  
  101  11:44  Zealot, High Templar x2  
  101  11:45  Zealot x7  
  121  11:50  Immortal  
  125  11:56  Protoss Ground Weapons Level 2 (Chrono Boost)  
  125  12:13  Pylon  
  125  12:19  Pylon  
  125  12:21  Robotics Bay  
  125  12:23  Pylon  
  125  12:26  Pylon  
  124  12:30  Photon Cannon  
  124  12:31  Photon Cannon  
  128  12:37  Immortal  
  128  12:42  High Templar x5  
  128  12:43  Zealot, High Templar  
  128  12:44  Zealot x3  
  146  12:46  Archon x3  
  140  13:28  Warp Prism  
  140  13:37  Archon  
  140  13:38  Archon x3  
  126  13:44  Zealot x5  
  126  13:45  Zealot x5  
  134  14:00  Assimilator  
  134  14:04  Assimilator  
  134  14:11  Gateway  
  134  14:13  Gateway  
  134  14:16  Gateway  
  132  14:17  Nexus, Pylon  
  132  14:18  Gateway  
  132  14:19  Pylon  
  132  14:20  Gateway, Pylon  
  132  14:23  Gateway, Assimilator  
  132  14:24  Assimilator  
Tags
 
Add a new tag
Caveats
  • Supply blocks, unpowered buildings, or Contaminate may cause inaccurate times.
  • Supply counts are checked every 10 seconds.